Whalers vs Blackhawks
Created - 22 mars 2013 at 18:59
Goals
|
| Whalers |
0 |
3 |
1 |
0 |
0 |
4 |
| Blackhawks |
1 |
1 |
2 |
0 |
1 |
5 |
|
Shots
|
| Whalers |
13 |
10 |
7 |
1 |
3 |
31 |
| Blackhawks |
12 |
9 |
11 |
3 |
3 |
35 |
|
1st period
1. Blackhawks , Alexei Kovalev 16 (Scott Gomez, Nicklas Lidstrom) at 5:10
Penalties :
No Penalty
2nd period
2. Whalers , Paul Gaustad 10 (Todd Bertuzzi) at 1:57
3. Whalers , Chris Kelly 15 (Dan Girardi, Paul Gaustad) at 7:29
4. Blackhawks , Colby Armstrong 11 (Steve McCarthy) at 8:11
5. Whalers , Todd Bertuzzi 13 (Paul Gaustad, Dan McGillis) at 9:01
Penalties :
Paul Gaustad (Har) for Goalie Interference (Minor) at 5:08, Chris Kelly (Har) for Interference (Minor) at 10:50, Brad Ference (Chi) for Slashing (Minor) at 13:09, Nikita Alexeev (Chi) for Holding (Minor) at 16:34, Chris Kelly (Har) for Roughing (Minor) at 16:34
3rd period
6. Blackhawks , Steve McCarthy 6 (Boris Mironov, Dan Hinote) at 1:18
7. Blackhawks , Alexei Kovalev 17 (Scott Gomez, Kris Versteeg) at 6:44
8. Whalers , Paul Gaustad 11 (Ray Whitney) at 6:58
Penalties :
Dan McGillis (Har) for Holding (Minor) at 2:29, Dan Hinote (Chi) for Delaying the game (Minor) at 9:45, Scott Gomez (Chi) for Slashing (Minor) at 16:06
Overtime #1
No Goal
Penalties :
No Penalty
Shootout
Penalty Shot by Todd Bertuzzi for Whalers - Stopped by Jocelyn Thibault
Penalty Shot by Joe Sakic for Blackhawks - Stopped by Jonas Hiller
Penalty Shot by Andy McDonald for Whalers - Stopped by Jocelyn Thibault
Penalty Shot by Kris Versteeg for Blackhawks - Stopped by Jonas Hiller
Penalty Shot by Ray Whitney for Whalers - Shot Misses the Net
Penalty Shot by Alexei Kovalev for Blackhawks - Goal!
Penalties :
No Penalty
Goalie Stats
Jonas Hiller (Har), 31 saves from 35 shots - (0,886), OTL, 12-21-4, 65:00 minutes
Jocelyn Thibault (Chi), 27 saves from 31 shots - (0,871), W, 12-13-2, 65:00 minutes
Players Stats for Whalers
Player Name G A P +/- PIM S H SB GA TA FO MP PP MP PK MP
------------------------------------------------------------------------------------
Andy McDonald 0 0 0 -3 0 3 5 0 0 0 0/0 22:13 2:33 3:15
Antoine Vermette 0 0 0 1 0 2 2 0 1 0 0/1 8:22 0:00 0:00
Chris Kelly 1 0 1 -1 4 2 1 0 2 0 10/12 15:40 2:27 0:27
Dan Girardi 0 1 1 0 0 0 0 0 0 0 0/0 10:32 0:00 0:00
Dan McGillis 0 1 1 -1 2 0 3 2 1 0 0/0 21:57 2:12 1:31
Jason King 0 0 0 0 0 2 1 0 0 0 0/0 9:08 0:23 0:00
Mark Eaton 0 0 0 -1 0 1 0 0 0 0 0/0 22:40 2:12 2:21
Michael Rupp 0 0 0 0 0 2 0 0 1 1 4/8 13:13 3:06 0:23
Nils Ekman 0 0 0 -2 0 6 3 2 1 0 0/1 18:52 3:07 1:49
Paul Gaustad 2 2 4 2 2 3 2 0 0 0 13/29 18:03 1:14 0:00
Ray Whitney 0 1 1 2 0 0 3 1 0 1 2/2 20:19 2:34 0:42
Richard Jackman 0 0 0 0 0 1 0 0 0 1 0/0 11:34 0:00 0:50
Sami Kapanen 0 0 0 0 0 2 1 0 0 0 0/0 9:23 0:00 0:00
Stephane Robidas 0 0 0 1 0 3 0 2 0 1 0/0 31:48 3:45 3:36
Todd Bertuzzi 1 1 2 1 0 3 1 2 0 2 3/8 24:49 2:27 3:18
Vernon Fiddler 0 0 0 0 0 1 0 0 0 0 2/7 13:03 0:00 2:00
Ville Nieminen 0 0 0 0 0 0 0 1 0 0 0/1 8:36 0:00 0:00
Vitaly Vishnevsky 0 0 0 1 0 0 0 1 1 1 0/0 31:48 3:45 3:36
Players Stats for Blackhawks
Player Name G A P +/- PIM S H SB GA TA FO MP PP MP PK MP
------------------------------------------------------------------------------------
Alexei Kovalev 2 0 2 -1 0 4 2 0 0 1 0/0 22:47 3:05 1:22
Boris Mironov 0 1 1 0 0 1 0 1 0 0 0/0 14:46 0:00 2:21
Brad Ference 0 0 0 0 2 1 0 0 0 0 0/0 11:30 0:00 0:00
Brooks Laich 0 0 0 1 0 1 2 1 1 0 8/23 17:50 2:50 0:33
Colby Armstrong 1 0 1 1 0 5 3 0 0 0 1/1 15:36 2:50 0:00
Dan Hinote 0 1 1 0 2 3 0 0 0 1 0/1 7:55 0:02 0:00
Daniel Carcillo 0 0 0 0 0 0 2 0 0 0 0/0 10:56 0:02 1:56
Francis Bouillon 0 0 0 0 0 1 0 0 0 1 0/0 24:37 2:45 3:36
Hnat Domenichelli 0 0 0 0 0 1 2 0 1 0 0/0 10:17 0:00 0:47
Joe Sakic 0 0 0 1 0 1 1 0 0 0 6/9 13:36 0:00 3:15
Jordan Staal 0 0 0 -1 0 2 0 0 0 0 1/1 9:29 0:02 0:00
Kris Versteeg 0 1 1 -1 0 3 2 0 0 0 0/0 25:01 3:05 3:10
Kristopher Letang 0 0 0 0 0 2 2 2 2 1 0/0 29:05 3:12 2:21
Loui Eriksson 0 0 0 1 0 1 1 0 0 1 0/1 16:49 2:50 0:00
Nicklas Lidstrom 0 1 1 -1 0 3 0 2 1 1 0/0 21:52 3:12 0:00
Nikita Alexeev 0 0 0 0 2 3 0 0 2 0 0/1 9:23 0:00 0:00
Scott Gomez 0 2 2 -1 2 2 4 0 0 0 19/32 22:09 3:05 0:51
Steve McCarthy 1 1 2 1 0 1 0 1 0 1 0/0 28:22 2:45 3:36
3 Stars
1 - Paul Gaustad (Har)
2 - Alexei Kovalev (Chi)
3 - Todd Bertuzzi (Har)
Power Play
Whalers - 0 on 3 Attempt(s) - 0,00%
Blackhawks - 0 on 3 Attempt(s) - 0,00%
Penalty Kill
Whalers - 3 on 3 Attempt(s) - 100,00%
- Score 0 goal in Penalty Kill
Blackhawks - 3 on 3 Attempt(s) - 100,00%
- Score 0 goal in Penalty Kill
Official
Referees : Devorski Paul and O'Halloran Dan
Linesman : Mark Shewchyk and Greg Devorski
Game Notes
Antoine Vermette is injured at 4:54 of 2nd period (Groin)
Finance
Level 1 -- Attendance: 5309 (88,48%) -- Ticket Income 467 192 $
Level 2 -- Attendance: 4385 (87,70%) -- Ticket Income 232 405 $
Level 3 -- Attendance: 1570 (78,50%) -- Ticket Income 53 380 $
Level 4 -- Attendance: 3811 (95,28%) -- Ticket Income 72 409 $
Luxury Box -- Attendance: 933 (93,30%) -- Ticket Income 163 275 $
Game was played at the Chicago Stadium
Total Attendance: 16008 (88,93%)
Total Ticket Income: 988 661 $
Total Income: 988 661 $
Whalers
5 vs 5 Forward
Center Left Wing Right Wing Time % Phy DF OF
1 Paul Gaustad Antoine Vermette Todd Bertuzzi 40 1 2 2
2 Chris Kelly Andy McDonald Nils Ekman 30 1 2 2
3 Michael Rupp Ray Whitney Sami Kapanen 20 1 2 2
4 Vernon Fiddler Ville Nieminen Jason King 10 1 2 2
5 vs 5 Defense
Defense Defense Time % Phy DF OF
1 Stephane Robidas Vitaly Vishnevsky 40 1 2 2
2 Dan McGillis Mark Eaton 30 1 2 2
3 Dan Girardi Richard Jackman 20 1 2 2
4 Stephane Robidas Vitaly Vishnevsky 10 1 2 2
PowerPlay Forward
Center Left Wing Right Wing Time % Phy DF OF
1 Chris Kelly Andy McDonald Todd Bertuzzi 60 1 2 2
2 Michael Rupp Antoine Vermette Nils Ekman 40 1 2 2
PowerPlay Defense
Defense Defense Time % Phy DF OF
1 Stephane Robidas Vitaly Vishnevsky 60 1 2 2
2 Dan McGillis Mark Eaton 40 1 2 2
Penalty Kill 4 Players Forward
Center Wing Time % Phy DF OF
1 Todd Bertuzzi Andy McDonald 60 1 2 2
2 Antoine Vermette Nils Ekman 40 1 2 2
Penalty Kill 4 Players Defense
Defense Defense Time % Phy DF OF
1 Stephane Robidas Vitaly Vishnevsky 60 1 2 2
2 Dan McGillis Mark Eaton 40 1 2 2
Penalty Kill - 3 Players Forward
Forward Time % Phy DF OF
1 Todd Bertuzzi 60 1 2 2
2 Andy McDonald 40 1 2 2
Penalty Kill - 3 Players Defense
Defense Defense Time % Phy DF OF
1 Stephane Robidas Vitaly Vishnevsky 60 1 2 2
2 Dan McGillis Mark Eaton 40 1 2 2
4 vs 4 Forward
Center Wing Time % Phy DF OF
1 Todd Bertuzzi Andy McDonald 60 1 2 2
2 Antoine Vermette Nils Ekman 40 1 2 2
4 vs 4 Defense
Defense Defense Time % Phy DF OF
1 Stephane Robidas Vitaly Vishnevsky 60 1 2 2
2 Dan McGillis Mark Eaton 40 1 2 2
Last Minutes Offensive
Center Left Wing Right Wing Defense Defense
Chris Kelly Andy McDonald Todd Bertuzzi Stephane Robidas Vitaly Vishnevsky
Last Minutes Defensive
Center Left Wing Right Wing Defense Defense
Chris Kelly Andy McDonald Todd Bertuzzi Stephane Robidas Vitaly Vishnevsky
Goaltenders
Starting : Jonas Hiller
Backup : Vesa Toskala
Extra Forwards
Normal : Ray Whitney, Paul Gaustad, Vernon Fiddler - PP : Ray Whitney, Paul Gaustad - PK : Vernon Fiddler
Extra Defensemen
Normal : Dan Girardi, Richard Jackman, Dan McGillis - PP : Dan Girardi - PK : Richard Jackman, Dan McGillis
Penalty Shots
Todd Bertuzzi, Andy McDonald, Antoine Vermette, Nils Ekman, Chris Kelly
Blackhawks
5 vs 5 Forward
Center Left Wing Right Wing Time % Phy DF OF
1 Scott Gomez Kris Versteeg Alexei Kovalev 40 1 2 2
2 Brooks Laich Loui Eriksson Colby Armstrong 30 1 2 2
3 Jordan Staal Hnat Domenichelli Nikita Alexeev 20 1 2 2
4 Joe Sakic Daniel Carcillo Dan Hinote 10 1 2 2
5 vs 5 Defense
Defense Defense Time % Phy DF OF
1 Kristopher Letang Steve McCarthy 40 1 2 2
2 Nicklas Lidstrom Francis Bouillon 30 1 2 2
3 Brad Ference Boris Mironov 20 1 2 2
4 Steve McCarthy Kristopher Letang 10 1 2 2
PowerPlay Forward
Center Left Wing Right Wing Time % Phy DF OF
1 Scott Gomez Kris Versteeg Alexei Kovalev 60 1 2 2
2 Brooks Laich Loui Eriksson Colby Armstrong 40 1 2 2
PowerPlay Defense
Defense Defense Time % Phy DF OF
1 Nicklas Lidstrom Kristopher Letang 60 1 2 2
2 Steve McCarthy Francis Bouillon 40 1 2 2
Penalty Kill 4 Players Forward
Center Wing Time % Phy DF OF
1 Joe Sakic Kris Versteeg 60 1 2 2
2 Alexei Kovalev Scott Gomez 40 1 2 2
Penalty Kill 4 Players Defense
Defense Defense Time % Phy DF OF
1 Steve McCarthy Francis Bouillon 60 1 2 2
2 Boris Mironov Kristopher Letang 40 1 2 2
Penalty Kill - 3 Players Forward
Forward Time % Phy DF OF
1 Joe Sakic 60 1 2 2
2 Kris Versteeg 40 1 2 2
Penalty Kill - 3 Players Defense
Defense Defense Time % Phy DF OF
1 Nicklas Lidstrom Francis Bouillon 60 1 2 2
2 Steve McCarthy Kristopher Letang 40 1 2 2
4 vs 4 Forward
Center Wing Time % Phy DF OF
1 Joe Sakic Kris Versteeg 60 1 2 2
2 Scott Gomez Alexei Kovalev 40 1 2 2
4 vs 4 Defense
Defense Defense Time % Phy DF OF
1 Nicklas Lidstrom Francis Bouillon 60 1 2 2
2 Steve McCarthy Kristopher Letang 40 1 2 2
Last Minutes Offensive
Center Left Wing Right Wing Defense Defense
Joe Sakic Kris Versteeg Alexei Kovalev Nicklas Lidstrom Francis Bouillon
Last Minutes Defensive
Center Left Wing Right Wing Defense Defense
Joe Sakic Kris Versteeg Alexei Kovalev Nicklas Lidstrom Francis Bouillon
Goaltenders
Starting : Jocelyn Thibault
Backup : Tyler Weiman
Extra Forwards
Normal : Brooks Laich, Loui Eriksson, Daniel Carcillo - PP : Brooks Laich, Loui Eriksson - PK : Daniel Carcillo
Extra Defensemen
Normal : Brad Ference, Boris Mironov, Steve McCarthy - PP : Brad Ference - PK : Boris Mironov, Steve McCarthy
Penalty Shots
Joe Sakic, Kris Versteeg, Alexei Kovalev, Scott Gomez, Hnat Domenichelli
% Time on Ice - Whalers
Lines # - Real PCT - Wanted PCT - Time Play
Normal Forward
1 - 35% - 40% - 16:00
2 - 28% - 30% - 12:48
3 - 20% - 20% - 9:19
4 - 17% - 10% - 8:00
Normal Defense
1 - 39% - 40% - 18:11
2 - 33% - 30% - 15:04
3 - 23% - 20% - 10:25
4 - 5% - 10% - 2:27
PP Forward
1 - 41% - 60% - 2:27
2 - 59% - 40% - 3:30
PP Defense
1 - 63% - 60% - 3:45
2 - 37% - 40% - 2:12
PK Forward
1 - 69% - 60% - 4:08
2 - 31% - 40% - 1:49
PK Defense
1 - 61% - 60% - 3:36
2 - 39% - 40% - 2:21
PK3 Forward
1 - 0% - 60%
2 - 0% - 40%
PK3 Defense
1 - 0% - 60%
2 - 0% - 40%
44 Forward
1 - 69% - 60% - 4:48
2 - 31% - 40% - 2:11
44 Defense
1 - 56% - 60% - 3:56
2 - 44% - 40% - 3:03
Last Minute Offensive - 0:00
Last Minute Defensive - 0:00
Total
Forward - 65:00
Defense - 65:00
|
% Time on Ice - Blackhawks
Lines # - Real PCT - Wanted PCT - Time Play
Normal Forward
1 - 36% - 40% - 16:39
2 - 30% - 30% - 13:52
3 - 19% - 20% - 8:47
4 - 15% - 10% - 6:49
Normal Defense
1 - 38% - 40% - 17:35
2 - 34% - 30% - 15:40
3 - 24% - 20% - 11:05
4 - 4% - 10% - 1:47
PP Forward
1 - 52% - 60% - 3:07
2 - 48% - 40% - 2:50
PP Defense
1 - 54% - 60% - 3:12
2 - 46% - 40% - 2:45
PK Forward
1 - 77% - 60% - 4:35
2 - 23% - 40% - 1:22
PK Defense
1 - 61% - 60% - 3:36
2 - 39% - 40% - 2:21
PK3 Forward
1 - 0% - 60%
2 - 0% - 40%
PK3 Defense
1 - 0% - 60%
2 - 0% - 40%
44 Forward
1 - 73% - 60% - 5:06
2 - 27% - 40% - 1:53
44 Defense
1 - 56% - 60% - 3:54
2 - 44% - 40% - 3:05
Last Minute Offensive - 0:00
Last Minute Defensive - 0:00
Total
Forward - 65:00
Defense - 65:00
|
Play by Play
1st period
0:01 of 1st period - Scott Gomez wins face-off versus Paul Gaustad in neutral zone.
0:12 of 1st period - Slapshot by Stephane Robidas.
0:12 of 1st period - Stopped by Jocelyn Thibault without a rebound.
0:13 of 1st period - Chris Kelly wins face-off versus Brooks Laich in Blackhawks zone.
0:26 of 1st period - Wrist shot by Nils Ekman.
0:26 of 1st period - Shot Blocked by Nicklas Lidstrom.
1:35 of 1st period - Snap shot by Scott Gomez.
1:35 of 1st period - Deflect By Stephane Robidas.
1:35 of 1st period - Stopped by Jonas Hiller without a rebound.
1:36 of 1st period - Brooks Laich wins face-off versus Vernon Fiddler in Whalers zone.
2:01 of 1st period - Vitaly Vishnevsky is hit by Hnat Domenichelli and loses puck.
2:16 of 1st period - Stephane Robidas is hit by Hnat Domenichelli.
3:19 of 1st period - Snap shot by Michael Rupp.
3:19 of 1st period - Stopped by Jocelyn Thibault with a rebound.
4:07 of 1st period - Slapshot by Hnat Domenichelli.
4:07 of 1st period - Deflect By Nikita Alexeev.
4:07 of 1st period - Shot Misses the Net.
4:07 of 1st period - Puck is out of play.
4:08 of 1st period - Michael Rupp wins face-off versus Brooks Laich in Whalers zone.
4:34 of 1st period - Slapshot by Nikita Alexeev.
4:34 of 1st period - Stopped by Jonas Hiller with a rebound.
4:36 of 1st period - Slapshot by Jordan Staal.
4:36 of 1st period - Stopped by Jonas Hiller without a rebound.
4:37 of 1st period - Jordan Staal wins face-off versus Paul Gaustad in Whalers zone.
5:08 of 1st period - Wrist shot by Scott Gomez.
5:08 of 1st period - Shot Misses the Net.
5:10 of 1st period - Wrist shot by Alexei Kovalev.
5:10 of 1st period - Goal by Alexei Kovalev - Whalers : 0 - Blackhawks : 1.
5:11 of 1st period - Scott Gomez wins face-off versus Antoine Vermette in neutral zone.
5:24 of 1st period - Snap shot by Todd Bertuzzi.
5:24 of 1st period - Stopped by Jocelyn Thibault with a rebound.
5:36 of 1st period - Chris Kelly is hit by Kristopher Letang and loses puck.
5:41 of 1st period - Snap shot by Brooks Laich.
5:41 of 1st period - Shot Blocked by Stephane Robidas.
5:43 of 1st period - Slapshot by Brad Ference.
5:43 of 1st period - Stopped by Jonas Hiller with a rebound.
5:45 of 1st period - Snap shot by Colby Armstrong.
5:45 of 1st period - Shot Misses the Net.
5:47 of 1st period - Snap shot by Colby Armstrong.
5:47 of 1st period - Shot Misses the Net.
5:49 of 1st period - Slapshot by Brad Ference.
5:49 of 1st period - Shot Misses the Net.
6:08 of 1st period - Wrist shot by Joe Sakic.
6:08 of 1st period - Shot Misses the Net.
6:18 of 1st period - Snap shot by Todd Bertuzzi.
6:18 of 1st period - Shot Blocked by Nicklas Lidstrom.
6:37 of 1st period - Off-side.
6:38 of 1st period - Scott Gomez wins face-off versus Vernon Fiddler in neutral zone.
6:41 of 1st period - Slapshot by Scott Gomez.
6:41 of 1st period - Stopped by Jonas Hiller without a rebound.
6:42 of 1st period - Scott Gomez wins face-off versus Vernon Fiddler in Whalers zone.
8:00 of 1st period - Snap shot by Michael Rupp.
8:00 of 1st period - Stopped by Jocelyn Thibault without a rebound.
8:01 of 1st period - Scott Gomez wins face-off versus Paul Gaustad in Blackhawks zone.
8:26 of 1st period - Stephane Robidas is hit by Colby Armstrong.
8:36 of 1st period - Snap shot by Colby Armstrong.
8:36 of 1st period - Stopped by Jonas Hiller with a rebound.
8:38 of 1st period - Wrist shot by Colby Armstrong.
8:38 of 1st period - Shot Blocked by Nils Ekman.
8:59 of 1st period - Snap shot by Michael Rupp.
8:59 of 1st period - Deflect By Sami Kapanen.
8:59 of 1st period - Shot Misses the Net.
8:59 of 1st period - Puck is out of play.
9:00 of 1st period - Scott Gomez wins face-off versus Paul Gaustad in Blackhawks zone.
9:07 of 1st period - Wrist shot by Todd Bertuzzi.
9:07 of 1st period - Stopped by Jocelyn Thibault with a rebound.
9:09 of 1st period - Snap shot by Todd Bertuzzi.
9:09 of 1st period - Shot Misses the Net.
9:25 of 1st period - Andy McDonald is hit by Colby Armstrong and loses puck.
9:34 of 1st period - Wrist shot by Colby Armstrong.
9:34 of 1st period - Stopped by Jonas Hiller without a rebound.
9:35 of 1st period - Brooks Laich wins face-off versus Paul Gaustad in Whalers zone.
11:28 of 1st period - Snap shot by Antoine Vermette.
11:28 of 1st period - Stopped by Jocelyn Thibault with a rebound.
12:05 of 1st period - Slapshot by Sami Kapanen.
12:05 of 1st period - Shot Misses the Net.
12:11 of 1st period - Snap shot by Sami Kapanen.
12:11 of 1st period - Stopped by Jocelyn Thibault without a rebound.
12:12 of 1st period - Scott Gomez wins face-off versus Paul Gaustad in Blackhawks zone.
12:28 of 1st period - Wrist shot by Paul Gaustad.
12:28 of 1st period - Shot Misses the Net.
12:38 of 1st period - Kristopher Letang is hit by Nils Ekman and loses puck.
12:45 of 1st period - Slapshot by Chris Kelly.
12:45 of 1st period - Stopped by Jocelyn Thibault with a rebound.
13:05 of 1st period - Jordan Staal is hit by Sami Kapanen and loses puck.
15:08 of 1st period - Colby Armstrong is hit by Dan McGillis and loses puck.
15:31 of 1st period - Slapshot by Joe Sakic.
15:31 of 1st period - Shot Blocked by Dan McGillis.
15:33 of 1st period - Snap shot by Joe Sakic.
15:33 of 1st period - Stopped by Jonas Hiller without a rebound.
15:34 of 1st period - Scott Gomez wins face-off versus Paul Gaustad in Whalers zone.
15:47 of 1st period - Snap shot by Alexei Kovalev.
15:47 of 1st period - Deflect By Todd Bertuzzi.
15:47 of 1st period - Shot Blocked by Todd Bertuzzi.
15:47 of 1st period - Puck is out of play.
15:48 of 1st period - Scott Gomez wins face-off versus Paul Gaustad in Whalers zone.
16:13 of 1st period - Kris Versteeg is hit by Ray Whitney and loses puck.
16:26 of 1st period - Wrist shot by Sami Kapanen.
16:26 of 1st period - Stopped by Jocelyn Thibault without a rebound.
16:27 of 1st period - Brooks Laich wins face-off versus Paul Gaustad in Blackhawks zone.
16:59 of 1st period - Snap shot by Nikita Alexeev.
16:59 of 1st period - Stopped by Jonas Hiller with a rebound.
17:01 of 1st period - Wrist shot by Jordan Staal.
17:01 of 1st period - Shot Misses the Net.
17:03 of 1st period - Snap shot by Jordan Staal.
17:03 of 1st period - Stopped by Jonas Hiller with a rebound.
17:05 of 1st period - Slapshot by Nicklas Lidstrom.
17:05 of 1st period - Deflect By Chris Kelly.
17:05 of 1st period - Stopped by Jonas Hiller with a rebound.
17:31 of 1st period - Icing by Stephane Robidas.
17:32 of 1st period - Scott Gomez wins face-off versus Michael Rupp in Whalers zone.
17:47 of 1st period - Scott Gomez is hit by Ray Whitney.
18:45 of 1st period - Slapshot by Michael Rupp.
18:45 of 1st period - Shot Misses the Net.
18:47 of 1st period - Snap shot by Vitaly Vishnevsky.
18:47 of 1st period - Deflect By Michael Rupp.
18:47 of 1st period - Shot Misses the Net.
18:47 of 1st period - Puck is out of play.
18:48 of 1st period - Paul Gaustad wins face-off versus Brooks Laich in Blackhawks zone.
18:49 of 1st period - Slapshot by Antoine Vermette.
18:49 of 1st period - Stopped by Jocelyn Thibault with a rebound.
18:51 of 1st period - Slapshot by Paul Gaustad.
18:51 of 1st period - Stopped by Jocelyn Thibault without a rebound.
18:52 of 1st period - Brooks Laich wins face-off versus Paul Gaustad in Blackhawks zone.
18:52 of 1st period - Brooks Laich is hit by Antoine Vermette.
19:06 of 1st period - Icing by Colby Armstrong.
19:07 of 1st period - Brooks Laich wins face-off versus Chris Kelly in Blackhawks zone.
19:09 of 1st period - Icing by Kristopher Letang.
19:10 of 1st period - Chris Kelly wins face-off versus Brooks Laich in Blackhawks zone.
19:11 of 1st period - Wrist shot by Andy McDonald.
19:11 of 1st period - Stopped by Jocelyn Thibault with a rebound.
19:13 of 1st period - Snap shot by Nils Ekman.
19:13 of 1st period - Stopped by Jocelyn Thibault without a rebound.
19:14 of 1st period - Chris Kelly wins face-off versus Brooks Laich in Blackhawks zone.
19:27 of 1st period - Wrist shot by Nils Ekman.
19:27 of 1st period - Shot Misses the Net.
19:39 of 1st period - Todd Bertuzzi is hit by Alexei Kovalev.
2nd period
0:01 of 2nd period - Paul Gaustad wins face-off versus Brooks Laich in neutral zone.
0:13 of 2nd period - Icing by Kristopher Letang.
0:14 of 2nd period - Paul Gaustad wins face-off versus Brooks Laich in Blackhawks zone.
0:25 of 2nd period - Colby Armstrong is hit by Antoine Vermette and loses puck.
0:40 of 2nd period - Snap shot by Scott Gomez.
0:40 of 2nd period - Shot Misses the Net.
0:42 of 2nd period - Snap shot by Steve McCarthy.
0:42 of 2nd period - Shot Blocked by Vitaly Vishnevsky.
1:37 of 2nd period - Icing by Mark Eaton.
1:38 of 2nd period - Colby Armstrong wins face-off versus Paul Gaustad in Whalers zone.
1:45 of 2nd period - Slapshot by Colby Armstrong.
1:45 of 2nd period - Stopped by Jonas Hiller with a rebound.
1:47 of 2nd period - Snap shot by Loui Eriksson.
1:47 of 2nd period - Stopped by Jonas Hiller without a rebound.
1:48 of 2nd period - Scott Gomez wins face-off versus Paul Gaustad in Whalers zone.
1:57 of 2nd period - Snap shot by Paul Gaustad.
1:57 of 2nd period - Goal by Paul Gaustad - Whalers : 1 - Blackhawks : 1.
1:58 of 2nd period - Scott Gomez wins face-off versus Paul Gaustad in neutral zone.
3:19 of 2nd period - Wrist shot by Sami Kapanen.
3:19 of 2nd period - Deflect By Michael Rupp.
3:19 of 2nd period - Shot Misses the Net.
3:19 of 2nd period - Puck is out of play.
3:20 of 2nd period - Paul Gaustad wins face-off versus Scott Gomez in Blackhawks zone.
3:21 of 2nd period - Snap shot by Todd Bertuzzi.
3:21 of 2nd period - Shot Hit the Post.
3:46 of 2nd period - Colby Armstrong is hit by Nils Ekman.
3:54 of 2nd period - Slapshot by Kristopher Letang.
3:54 of 2nd period - Stopped by Jonas Hiller with a rebound.
3:56 of 2nd period - Slapshot by Steve McCarthy.
3:56 of 2nd period - Shot Misses the Net.
4:26 of 2nd period - Vitaly Vishnevsky is hit by Scott Gomez and loses puck.
4:35 of 2nd period - Snap shot by Kris Versteeg.
4:35 of 2nd period - Shot Blocked by Stephane Robidas.
4:53 of 2nd period - Antoine Vermette is hit by Daniel Carcillo and loses puck.
4:54 of 2nd period - Antoine Vermette from Whalers is injured at 4:54 of 2nd period (Groin).
4:55 of 2nd period - Paul Gaustad wins face-off versus Scott Gomez in Whalers zone.
4:59 of 2nd period - Off-side.
5:00 of 2nd period - Paul Gaustad wins face-off versus Scott Gomez in neutral zone.
5:08 of 2nd period - Minor Penalty to Paul Gaustad for Goalie Interference.
5:09 of 2nd period - Todd Bertuzzi wins face-off versus Scott Gomez in Whalers zone.
6:53 of 2nd period - Colby Armstrong is hit by Nils Ekman and loses puck.
7:08 of 2nd period - Penalty to Paul Gaustad is over, Paul Gaustad is back on ice.
7:25 of 2nd period - Wrist shot by Chris Kelly.
7:25 of 2nd period - Shot Blocked by Kristopher Letang.
7:27 of 2nd period - Slapshot by Dan Girardi.
7:27 of 2nd period - Shot Misses the Net.
7:29 of 2nd period - Snap shot by Chris Kelly.
7:29 of 2nd period - Goal by Chris Kelly - Whalers : 2 - Blackhawks : 1.
7:30 of 2nd period - Ray Whitney wins face-off versus Scott Gomez in neutral zone.
8:03 of 2nd period - Wrist shot by Alexei Kovalev.
8:03 of 2nd period - Shot Blocked by Ville Nieminen.
8:05 of 2nd period - Snap shot by Kris Versteeg.
8:05 of 2nd period - Shot Misses the Net.
8:07 of 2nd period - Slapshot by Boris Mironov.
8:07 of 2nd period - Deflect By Kris Versteeg.
8:07 of 2nd period - Stopped by Jonas Hiller without a rebound.
8:08 of 2nd period - Chris Kelly wins face-off versus Brooks Laich in Whalers zone.
8:11 of 2nd period - Wrist shot by Colby Armstrong.
8:11 of 2nd period - Goal by Colby Armstrong - Whalers : 2 - Blackhawks : 2.
8:12 of 2nd period - Chris Kelly wins face-off versus Brooks Laich in neutral zone.
8:42 of 2nd period - Icing by Scott Gomez.
8:43 of 2nd period - Paul Gaustad wins face-off versus Scott Gomez in Blackhawks zone.
8:46 of 2nd period - Snap shot by Paul Gaustad.
8:46 of 2nd period - Shot Misses the Net.
9:01 of 2nd period - Snap shot by Todd Bertuzzi.
9:01 of 2nd period - Goal by Todd Bertuzzi - Whalers : 3 - Blackhawks : 2.
9:02 of 2nd period - Brooks Laich wins face-off versus Nils Ekman in neutral zone.
9:16 of 2nd period - Snap shot by Andy McDonald.
9:16 of 2nd period - Stopped by Jocelyn Thibault without a rebound.
9:17 of 2nd period - Paul Gaustad wins face-off versus Scott Gomez in Blackhawks zone.
10:06 of 2nd period - Hnat Domenichelli is hit by Dan McGillis and loses puck.
10:29 of 2nd period - Off-side.
10:30 of 2nd period - Chris Kelly wins face-off versus Joe Sakic in neutral zone.
10:36 of 2nd period - Off-side.
10:37 of 2nd period - Chris Kelly wins face-off versus Scott Gomez in neutral zone.
10:42 of 2nd period - Alexei Kovalev is hit by Chris Kelly and loses puck.
10:50 of 2nd period - Minor Penalty to Chris Kelly for Interference.
10:51 of 2nd period - Scott Gomez wins face-off versus Todd Bertuzzi in Whalers zone.
11:02 of 2nd period - Alexei Kovalev is hit by Andy McDonald and loses puck.
12:50 of 2nd period - Penalty to Chris Kelly is over, Chris Kelly is back on ice.
12:55 of 2nd period - Ville Nieminen is hit by Daniel Carcillo and loses puck.
13:04 of 2nd period - Slapshot by Dan Hinote.
13:04 of 2nd period - Stopped by Jonas Hiller with a rebound.
13:09 of 2nd period - Minor Penalty to Brad Ference for Slashing.
13:10 of 2nd period - Joe Sakic wins face-off versus Michael Rupp in Blackhawks zone.
13:23 of 2nd period - Snap shot by Nils Ekman.
13:23 of 2nd period - Stopped by Jocelyn Thibault with a rebound.
13:30 of 2nd period - Icing by Michael Rupp.
13:31 of 2nd period - Joe Sakic wins face-off versus Michael Rupp in Whalers zone.
14:14 of 2nd period - Slapshot by Stephane Robidas.
14:14 of 2nd period - Shot Blocked by Kristopher Letang.
15:09 of 2nd period - Penalty to Brad Ference is over, Brad Ference is back on ice.
15:15 of 2nd period - Wrist shot by Jason King.
15:15 of 2nd period - Stopped by Jocelyn Thibault with a rebound.
15:17 of 2nd period - Wrist shot by Vernon Fiddler.
15:17 of 2nd period - Shot Blocked by Steve McCarthy.
15:19 of 2nd period - Slapshot by Richard Jackman.
15:19 of 2nd period - Stopped by Jocelyn Thibault with a rebound.
15:21 of 2nd period - Snap shot by Vernon Fiddler.
15:21 of 2nd period - Stopped by Jocelyn Thibault without a rebound.
15:22 of 2nd period - Vernon Fiddler wins face-off versus Nikita Alexeev in Blackhawks zone.
15:53 of 2nd period - Wrist shot by Colby Armstrong.
15:53 of 2nd period - Shot Misses the Net.
16:23 of 2nd period - Stephane Robidas is hit by Joe Sakic.
16:34 of 2nd period - Minor Penalty to Nikita Alexeev for Holding.
16:34 of 2nd period - Minor Penalty to Chris Kelly for Roughing.
16:35 of 2nd period - Todd Bertuzzi wins face-off versus Joe Sakic in Blackhawks zone.
17:30 of 2nd period - Alexei Kovalev is hit by Paul Gaustad and loses puck.
17:55 of 2nd period - Slapshot by Kristopher Letang.
17:55 of 2nd period - Stopped by Jonas Hiller without a rebound.
17:56 of 2nd period - Brooks Laich wins face-off versus Vernon Fiddler in Whalers zone.
18:05 of 2nd period - Wrist shot by Nils Ekman.
18:05 of 2nd period - Stopped by Jocelyn Thibault with a rebound.
18:34 of 2nd period - Penalty to Nikita Alexeev is over, Nikita Alexeev is back on ice.
18:34 of 2nd period - Penalty to Chris Kelly is over, Chris Kelly is back on ice.
18:44 of 2nd period - Wrist shot by Scott Gomez.
18:44 of 2nd period - Shot Blocked by Todd Bertuzzi.
18:58 of 2nd period - Snap shot by Alexei Kovalev.
18:58 of 2nd period - Stopped by Jonas Hiller with a rebound.
19:08 of 2nd period - Wrist shot by Andy McDonald.
19:08 of 2nd period - Shot Misses the Net.
19:10 of 2nd period - Slapshot by Andy McDonald.
19:10 of 2nd period - Stopped by Jocelyn Thibault without a rebound.
19:11 of 2nd period - Brooks Laich wins face-off versus Michael Rupp in Blackhawks zone.
19:24 of 2nd period - Slapshot by Colby Armstrong.
19:24 of 2nd period - Stopped by Jonas Hiller with a rebound.
19:41 of 2nd period - Off-side.
19:42 of 2nd period - Joe Sakic wins face-off versus Ville Nieminen in neutral zone.
19:52 of 2nd period - Off-side.
19:53 of 2nd period - Michael Rupp wins face-off versus Scott Gomez in neutral zone.
3rd period
0:01 of 3rd period - Ray Whitney wins face-off versus Scott Gomez in neutral zone.
0:51 of 3rd period - Nils Ekman is hit by Brooks Laich and loses puck.
1:00 of 3rd period - Snap shot by Colby Armstrong.
1:00 of 3rd period - Shot Blocked by Dan McGillis.
1:02 of 3rd period - Slapshot by Boris Mironov.
1:02 of 3rd period - Stopped by Jonas Hiller with a rebound.
1:12 of 3rd period - Wrist shot by Joe Sakic.
1:12 of 3rd period - Shot Misses the Net.
1:14 of 3rd period - Snap shot by Dan Hinote.
1:14 of 3rd period - Stopped by Jonas Hiller with a rebound.
1:16 of 3rd period - Slapshot by Boris Mironov.
1:16 of 3rd period - Shot Misses the Net.
1:18 of 3rd period - Slapshot by Steve McCarthy.
1:18 of 3rd period - Goal by Steve McCarthy - Whalers : 3 - Blackhawks : 3.
1:19 of 3rd period - Paul Gaustad wins face-off versus Brooks Laich in neutral zone.
1:24 of 3rd period - Snap shot by Paul Gaustad.
1:24 of 3rd period - Shot Misses the Net.
2:29 of 3rd period - Minor Penalty to Dan McGillis for Holding.
2:30 of 3rd period - Todd Bertuzzi wins face-off versus Scott Gomez in Whalers zone.
3:03 of 3rd period - Kristopher Letang is hit by Andy McDonald and loses puck.
3:32 of 3rd period - Icing by Steve McCarthy.
3:33 of 3rd period - Vernon Fiddler wins face-off versus Brooks Laich in Blackhawks zone.
3:42 of 3rd period - Slapshot by Nils Ekman.
3:42 of 3rd period - Stopped by Jocelyn Thibault without a rebound.
3:43 of 3rd period - Scott Gomez wins face-off versus Todd Bertuzzi in Blackhawks zone.
4:10 of 3rd period - Nils Ekman is hit by Brooks Laich and loses puck.
4:17 of 3rd period - Snap shot by Brooks Laich.
4:17 of 3rd period - Stopped by Jonas Hiller with a rebound.
4:29 of 3rd period - Penalty to Dan McGillis is over, Dan McGillis is back on ice.
4:39 of 3rd period - Todd Bertuzzi is hit by Kristopher Letang and loses puck.
4:48 of 3rd period - Snap shot by Dan McGillis.
4:48 of 3rd period - Deflect By Todd Bertuzzi.
4:48 of 3rd period - Shot Misses the Net.
4:48 of 3rd period - Puck is out of play.
4:49 of 3rd period - Michael Rupp wins face-off versus Loui Eriksson in Blackhawks zone.
5:48 of 3rd period - Wrist shot by Nils Ekman.
5:48 of 3rd period - Shot Misses the Net.
5:50 of 3rd period - Snap shot by Chris Kelly.
5:50 of 3rd period - Shot Blocked by Boris Mironov.
6:38 of 3rd period - Snap shot by Kris Versteeg.
6:38 of 3rd period - Shot Misses the Net.
6:42 of 3rd period - Wrist shot by Alexei Kovalev.
6:42 of 3rd period - Stopped by Jonas Hiller with a rebound.
6:44 of 3rd period - Snap shot by Alexei Kovalev.
6:44 of 3rd period - Goal by Alexei Kovalev - Whalers : 3 - Blackhawks : 4.
6:45 of 3rd period - Paul Gaustad wins face-off versus Scott Gomez in neutral zone.
6:48 of 3rd period - Slapshot by Stephane Robidas.
6:48 of 3rd period - Stopped by Jocelyn Thibault without a rebound.
6:49 of 3rd period - Scott Gomez wins face-off versus Paul Gaustad in Blackhawks zone.
6:58 of 3rd period - Wrist shot by Paul Gaustad.
6:58 of 3rd period - Goal by Paul Gaustad - Whalers : 4 - Blackhawks : 4.
6:59 of 3rd period - Scott Gomez wins face-off versus Paul Gaustad in neutral zone.
7:02 of 3rd period - Slapshot by Kris Versteeg.
7:02 of 3rd period - Stopped by Jonas Hiller with a rebound.
7:04 of 3rd period - Snap shot by Kris Versteeg.
7:04 of 3rd period - Stopped by Jonas Hiller with a rebound.
7:06 of 3rd period - Slapshot by Kristopher Letang.
7:06 of 3rd period - Deflect By Alexei Kovalev.
7:06 of 3rd period - Shot Blocked by Ray Whitney.
7:06 of 3rd period - Puck is out of play.
7:07 of 3rd period - Scott Gomez wins face-off versus Paul Gaustad in Whalers zone.
7:32 of 3rd period - Brooks Laich is hit by Andy McDonald and loses puck.
8:32 of 3rd period - Scott Gomez is hit by Paul Gaustad and loses puck.
9:18 of 3rd period - Snap shot by Hnat Domenichelli.
9:18 of 3rd period - Stopped by Jonas Hiller with a rebound.
9:20 of 3rd period - Snap shot by Nikita Alexeev.
9:20 of 3rd period - Stopped by Jonas Hiller with a rebound.
9:38 of 3rd period - Wrist shot by Dan Hinote.
9:38 of 3rd period - Stopped by Jonas Hiller without a rebound.
9:39 of 3rd period - Chris Kelly wins face-off versus Dan Hinote in Whalers zone.
9:45 of 3rd period - Minor Penalty to Dan Hinote for Delaying the game.
9:46 of 3rd period - Joe Sakic wins face-off versus Chris Kelly in Blackhawks zone.
9:59 of 3rd period - Wrist shot by Andy McDonald.
9:59 of 3rd period - Shot Misses the Net.
11:45 of 3rd period - Penalty to Dan Hinote is over, Dan Hinote is back on ice.
11:59 of 3rd period - Wrist shot by Vernon Fiddler.
11:59 of 3rd period - Shot Misses the Net.
12:09 of 3rd period - Slapshot by Hnat Domenichelli.
12:09 of 3rd period - Deflect By Dan Hinote.
12:09 of 3rd period - Shot Misses the Net.
12:09 of 3rd period - Puck is out of play.
12:10 of 3rd period - Paul Gaustad wins face-off versus Brooks Laich in Whalers zone.
12:19 of 3rd period - Todd Bertuzzi is hit by Loui Eriksson and loses puck.
12:46 of 3rd period - Michael Rupp is hit by Scott Gomez and loses puck.
13:15 of 3rd period - Wrist shot by Nils Ekman.
13:15 of 3rd period - Shot Misses the Net.
13:17 of 3rd period - Slapshot by Mark Eaton.
13:17 of 3rd period - Deflect By Daniel Carcillo.
13:17 of 3rd period - Stopped by Jocelyn Thibault without a rebound.
13:18 of 3rd period - Scott Gomez wins face-off versus Vernon Fiddler in Blackhawks zone.
13:18 of 3rd period - Scott Gomez is hit by Jason King.
13:24 of 3rd period - Wrist shot by Ville Nieminen.
13:24 of 3rd period - Shot Misses the Net.
13:36 of 3rd period - Jason King is hit by Scott Gomez and loses puck.
13:45 of 3rd period - Wrist shot by Stephane Robidas.
13:45 of 3rd period - Stopped by Jocelyn Thibault with a rebound.
13:47 of 3rd period - Snap shot by Ville Nieminen.
13:47 of 3rd period - Shot Blocked by Brooks Laich.
13:49 of 3rd period - Snap shot by Ville Nieminen.
13:49 of 3rd period - Shot Misses the Net.
13:51 of 3rd period - Slapshot by Jason King.
13:51 of 3rd period - Stopped by Jocelyn Thibault without a rebound.
13:52 of 3rd period - Paul Gaustad wins face-off versus Brooks Laich in Blackhawks zone.
14:17 of 3rd period - Andy McDonald is hit by Scott Gomez.
14:43 of 3rd period - Slapshot by Nikita Alexeev.
14:43 of 3rd period - Shot Misses the Net.
15:15 of 3rd period - Nicklas Lidstrom is hit by Todd Bertuzzi and loses puck.
15:23 of 3rd period - Icing by Dan Hinote.
15:24 of 3rd period - Chris Kelly wins face-off versus Brooks Laich in Blackhawks zone.
16:05 of 3rd period - Wrist shot by Nils Ekman.
16:05 of 3rd period - Stopped by Jocelyn Thibault with a rebound.
16:06 of 3rd period - Minor Penalty to Scott Gomez for Slashing.
16:07 of 3rd period - Michael Rupp wins face-off versus Joe Sakic in Blackhawks zone.
17:01 of 3rd period - Michael Rupp is hit by Kris Versteeg.
17:31 of 3rd period - Icing by Andy McDonald.
17:32 of 3rd period - Chris Kelly wins face-off versus Brooks Laich in Whalers zone.
18:06 of 3rd period - Penalty to Scott Gomez is over, Scott Gomez is back on ice.
18:21 of 3rd period - Kristopher Letang is hit by Andy McDonald and loses puck.
18:34 of 3rd period - Wrist shot by Hnat Domenichelli.
18:34 of 3rd period - Shot Misses the Net.
19:02 of 3rd period - Mark Eaton is hit by Colby Armstrong and loses puck.
Overtime #1
0:01 of 1st overtime period - Joe Sakic wins face-off versus Todd Bertuzzi in neutral zone.
0:53 of 1st overtime period - Nils Ekman is hit by Alexei Kovalev and loses puck.
1:33 of 1st overtime period - Francis Bouillon is hit by Andy McDonald and loses puck.
1:57 of 1st overtime period - Icing by Francis Bouillon.
1:58 of 1st overtime period - Scott Gomez wins face-off versus Todd Bertuzzi in Blackhawks zone.
2:07 of 1st overtime period - Vitaly Vishnevsky is hit by Kris Versteeg and loses puck.
2:18 of 1st overtime period - Kristopher Letang is hit by Ray Whitney and loses puck.
2:46 of 1st overtime period - Icing by Dan McGillis.
2:47 of 1st overtime period - Paul Gaustad wins face-off versus Scott Gomez in Whalers zone.
2:52 of 1st overtime period - Scott Gomez is hit by Dan McGillis and loses puck.
2:57 of 1st overtime period - Wrist shot by Nils Ekman.
2:57 of 1st overtime period - Stopped by Jocelyn Thibault without a rebound.
2:58 of 1st overtime period - Joe Sakic wins face-off versus Todd Bertuzzi in Blackhawks zone.
3:05 of 1st overtime period - Slapshot by Nicklas Lidstrom.
3:05 of 1st overtime period - Shot Misses the Net.
3:07 of 1st overtime period - Slapshot by Nicklas Lidstrom.
3:07 of 1st overtime period - Stopped by Jonas Hiller with a rebound.
3:09 of 1st overtime period - Snap shot by Nicklas Lidstrom.
3:09 of 1st overtime period - Stopped by Jonas Hiller with a rebound.
3:33 of 1st overtime period - Slapshot by Scott Gomez.
3:33 of 1st overtime period - Shot Misses the Net.
3:35 of 1st overtime period - Slapshot by Francis Bouillon.
3:35 of 1st overtime period - Deflect By Dan McGillis.
3:35 of 1st overtime period - Stopped by Jonas Hiller with a rebound.
3:37 of 1st overtime period - Wrist shot by Alexei Kovalev.
3:37 of 1st overtime period - Shot Blocked by Nils Ekman.
3:39 of 1st overtime period - Wrist shot by Scott Gomez.
3:39 of 1st overtime period - Shot Misses the Net.
4:25 of 1st overtime period - Wrist shot by Paul Gaustad.
4:25 of 1st overtime period - Shot Misses the Net.
ShootOut
5:00 of 1st overtime period - Penalty Shot by Todd Bertuzzi for Whalers.
5:00 of 1st overtime period - Backhand shot by Todd Bertuzzi.
5:00 of 1st overtime period - Stopped by Jocelyn Thibault.
5:00 of 1st overtime period - Penalty Shot by Joe Sakic for Blackhawks.
5:00 of 1st overtime period - Backhand shot by Joe Sakic.
5:00 of 1st overtime period - Stopped by Jonas Hiller.
5:00 of 1st overtime period - Penalty Shot by Andy McDonald for Whalers.
5:00 of 1st overtime period - Deke by Andy McDonald.
5:00 of 1st overtime period - Stopped by Jocelyn Thibault.
5:00 of 1st overtime period - Penalty Shot by Kris Versteeg for Blackhawks.
5:00 of 1st overtime period - Snap shot by Kris Versteeg.
5:00 of 1st overtime period - Stopped by Jonas Hiller.
5:00 of 1st overtime period - Penalty Shot by Ray Whitney for Whalers.
5:00 of 1st overtime period - Wrist shot by Ray Whitney.
5:00 of 1st overtime period - Shot Misses the Net.
5:00 of 1st overtime period - Penalty Shot by Alexei Kovalev for Blackhawks.
5:00 of 1st overtime period - Wrist shot by Alexei Kovalev.
5:00 of 1st overtime period - Goal by Alexei Kovalev.
Output by the SimonT Hockey Simulator (STHS) for François Prévost -- Original Page W3C XHTML 1.0 Valid